 Dungeon Crawl Stone Soup version 0.26.0-20-g3ca415f5b8 (webtiles) character file.

Game seed: 3409288414732205184

3501 sizableburger the Digger (level 9, 0/68 HPs)
             Began as a Demonspawn Earth Elementalist on Jan 24, 2021.
             Was a Priest of Kikubaaqudgha.
             Slain by a bullfrog (1 damage)
             ... while petrified by a basilisk
             ... on level 8 of the Dungeon on Jan 25, 2021.
             The game lasted 00:40:12 (12877 turns).

sizableburger the Digger (DsEE)                    Turns: 12877, Time: 00:40:13

Health: 0/68       AC:  7    Str:  9    XL:     9   Next: 80%
Magic:  13/16      EV:  2    Int: 19    God:    Kikubaaqudgha [***...]
Gold:   437        SH:  0    Dex: 14    Spells: 0/18 levels left

rFire    . . .     SeeInvis .   k - +6 dagger (speed)
rCold    . . .     Faith    .   (no shield)
rNeg     + + +     Spirit   .   c - +2 robe
rPois    ∞         Reflect  .   (no helmet)
rElec    .         Harm     .   w - +0 cloak
rCorr    .         Rampage  .   (no gloves)
Will     .....                  (no boots)
Stlth    ++........             (no amulet)
HPRegen  0.21/turn              (no ring)
MPRegen  0.15/turn              (no ring)

@: petrified
A: talons 1, yellow scales 1, spiny 2
a: Renounce Religion, Receive Corpses


You were on level 8 of the Dungeon.
You worshipped Kikubaaqudgha.
Kikubaaqudgha was most pleased with you.
You visited 2 branches of the dungeon, and saw 9 of its levels.
You also visited: Sewer.

You collected 437 gold pieces.

Inventory:

Hand Weapons
 k - a +6 dagger of speed (weapon)
Missiles
 l - 92 stones
Armour
 c - a +2 robe (worn)
 w - a +0 cloak (worn)
Wands
 a - a wand of flame (39)
 r - a wand of digging (5)
 v - a wand of enslavement (9)
Scrolls
 b - 7 scrolls of teleportation
 d - 2 scrolls of fear
 e - 3 scrolls of amnesia
 f - a scroll of enchant weapon
 h - 3 scrolls of identify
 i - 8 scrolls of remove curse
 j - a scroll of fog
Potions
 g - a potion of cancellation
 m - 4 potions of curing
 n - a potion of haste
 o - 2 potions of might
 p - a potion of resistance
 q - a potion of brilliance
 s - a potion of lignification {unknown}
 t - a potion of mutation {unknown}


   Skills:
 - Level 5.0 Fighting
 + Level 3.9 Short Blades
 - Level 0.5 Maces & Flails
 - Level 3.0 Dodging
 - Level 1.7 Stealth
 + Level 5.2 Spellcasting
 - Level 4.0 Conjurations
 + Level 4.5 Necromancy
 - Level 4.0 Transmutations
 + Level 7.3 Earth Magic


You couldn't memorise any spells.
You knew the following spells:

 Your Spells              Type           Power        Failure   Level
a - Sandblast             Erth           64%          1%          1
b - Passwall              Tmut/Erth      21%          1%          2
c - Stone Arrow           Conj/Erth      52%          3%          3
d - Petrify               Tmut/Erth      26%          12%         4
e - Pain                  Necr           88%          1%          1
f - Sublimation of Blood  Necr           11%          2%          2
g - Lee's Rapid Deconstr  Erth           16%          16%         5

Your spell library contained the following spells:

 Spells                   Type           Power        Failure   Level
 Animate Skeleton         Necr           44%          1%          1
 Vampiric Draining        Necr           11%          5%          3
 Dispel Undead            Necr           22%          19%         4
 Agony                    Necr           22%          45%         5
 Excruciating Wounds      Necr           11%          45%         5
 Death Channel            Necr           11%          96%         6
 Simulacrum               Ice/Necr       6%           100%        6


Dungeon Overview and Level Annotations

Branches:
Dungeon (8/15)             Temple (1/1) D:4           Sewer (visited)
   Lair: D:8-11

Altars:
Ashenzari
Cheibriados
Dithmenos
Elyvilon
Fedhas
Gozag
Hepliaklqana
Kikubaaqudgha
Makhleb
Nemelex Xobeh
Okawaru
Ru
Sif Muna
Trog
Uskayaw
Vehumet
Wu Jian
Xom
Yredelemnul
Zin

Annotations:
D:4 2 transporters, Grinder; SturgillTurtle's ghost, amateur MiFi
D:5 1 runed translucent door


Innate Abilities, Weirdness & Mutations

You have sharp toenails.
You are partially covered in yellow scales. (AC +2)
You are mostly covered in sharp spines.


Message History

The bullfrog hits you but does no damage.
The wyvern bites you but does no damage.
The black bear growls angrily.
The bullfrog is struck by your spines. The bullfrog barely misses you.
The wyvern bites you.
* * * LOW HITPOINT WARNING * * *
An adder zombie comes into view.
The bullfrog hits you.
* * * LOW HITPOINT WARNING * * *
The wyvern bites you. The bullfrog is struck by your spines.
The bullfrog hits you!
* * * LOW HITPOINT WARNING * * *
The howler monkey hoots and howls with incredible vigour!
The wyvern bites you!
* * * LOW HITPOINT WARNING * * *
The iguana bites you but does no damage.
The hound barks!
You hear an angry hiss. x2
The bullfrog is struck by your spines. The bullfrog hits you.
You die...
Kikubaaqudgha rasps: "You have failed me!
Welcome... oblivion!"

...........[.................# .
.........#..Z...............##..
#.....÷.........(...............
...#.........h##...##....r...o..
......##.........o.##?..<)o.o...
...... ##....Y......>.........##
...... #....h.lo............##
...#.. .......#lFl............#
..... .#......#.@......#.#......
#..##............_.....#. .
#....>......#.#....#
##....h.....#......#
............# ..............
............... ...............


You could see a yak, a basilisk, a black bear, a wyvern, a bullfrog, a howler
monkey (catching breath), an iguana, a hound, an orc wizard, an orc and an adder
zombie.

Vanquished Creatures
  A hornet (D:7)
  Menkaure (D:4)
  A water moccasin (D:6)
  A sky beast (D:7)
  A black bear (D:7)
  4 ogres
  2 centaurs
  5 big kobolds (Sewer)
  5 bullfrogs
  A jelly (D:5)
  3 scorpions
  A wyvern skeleton (D:6)
  A howler monkey (D:7)
  A centaur zombie (D:5)
  An orc priest (D:4)
  Crazy Yiuf (D:7)
  2 bullfrog zombies
  2 hounds (D:8)
  8 orc wizards
  2 bullfrog skeletons
  3 centaur skeletons
  3 iguanas
  10 worker ants
  A hound zombie (D:5)
  A hound skeleton (D:5)
  17 adders
  10 gnolls
  5 river rats
  3 shadow imps
  3 white imps
  2 ufetubi (D:5)
  3 oozes
  An adder zombie (D:6)
  8 worms
  The ghost of Dazliare the Sneak, a weakling OpDe (D:3)
  6 leopard geckos
  18 orcs
  9 giant cockroaches
  2 goblins
  7 hobgoblins
  17 jackals
  4 quokkas
  7 ball pythons
  5 bats
  5 frilled lizards
  13 kobolds
  2 quokka skeletons
  14 rats
224 creatures vanquished.

Vanquished Creatures (others)
  9 fungi
  10 plants
  3 toadstools (D:7)
22 creatures vanquished.

Grand Total: 246 creatures vanquished

Notes
Turn   | Place    | Note
-------+----------+-------------------------------------------
     0 | D:1      | sizableburger the Demonspawn Earth Elementalist began the
                  | quest for the Orb.
     0 | D:1      | Reached XP level 1. HP: 13/13 MP: 3/3
   103 | D:1      | Reached skill level 1 in Transmutations
   332 | D:1      | Gained mutation: You have sharp toenails. [demonic
                  | ancestry]
   332 | D:1      | Reached XP level 2. HP: 19/19 MP: 3/5
   969 | D:1      | Reached skill level 3 in Earth Magic
  1202 | D:1      | Learned a level 2 spell: Passwall
  1475 | D:2      | Gained mutation: You are partially covered in yellow
                  | scales. (AC +2) [demonic ancestry]
  1475 | D:2      | Reached XP level 3. HP: 24/24 MP: 3/6
  1732 | D:2      | Learned a level 3 spell: Stone Arrow
  1749 | D:2      | Found a blossoming altar of Fedhas.
  2062 | D:2      | Reached XP level 4. HP: 30/30 MP: 4/7
  2526 | D:2      | Reached skill level 1 in Conjurations
  3426 | D:3      | Reached XP level 5. HP: 35/35 MP: 9/9
  4492 | D:4      | Reached skill level 1 in Short Blades
  4575 | D:4      | Noticed an ogre
  4584 | D:4      | Killed an ogre
  4585 | D:4      | Reached XP level 6. HP: 12/41 MP: 3/11
  4837 | D:4      | Noticed Menkaure
  4860 | D:3      | Learned a level 4 spell: Petrify
  4871 | D:4      | Killed Menkaure
  4872 | D:4      | Reached skill level 4 in Earth Magic
  5030 | D:4      | Noticed Grinder
  5665 | D:3      | Reached XP level 7. HP: 46/46 MP: 8/12
  5917 | D:4      | Found a staircase to the Ecumenical Temple.
  5926 | Temple   | Entered the Ecumenical Temple
  6180 | Temple   | Became a worshipper of Kikubaaqudgha
  6368 | D:4      | Found a transporter.
  6405 | D:4      | Found a transporter.
  6428 | D:4      | Paralysed by Grinder for 2 turns
  6451 | D:4      | Noticed SturgillTurtle's ghost (amateur MiFi)
  6478 | D:4      | Paralysed by Grinder for 4 turns
  6563 | D:5      | Entered Level 5 of the Dungeon
  6590 | D:5      | Found a runed translucent door.
  6815 | D:5      | Noticed Dazliare's ghost (weakling OpDe)
  6923 | D:3      | Killed Dazliare's ghost
  7447 | D:5      | Reached skill level 5 in Earth Magic
  7594 | D:5      | Found a runed translucent door.
  7852 | D:5      | Reached skill level 1 in Necromancy
  7852 | D:5      | Gained mutation: You are partially covered in sharp spines.
                  | [demonic ancestry]
  7852 | D:5      | Reached XP level 8. HP: 52/52 MP: 7/14
  7894 | D:5      | Reached * piety under Kikubaaqudgha
  7894 | D:5      | Identified Kikubaaqudgha's Collected Works on Unholy Arts
                  | (Kikubaaqudgha gifted it to you on level 5 of the Dungeon)
  7894 | D:5      | Received a gift from Kikubaaqudgha
  7913 | D:5      | Learned a level 1 spell: Pain
  7916 | D:5      | Learned a level 2 spell: Sublimation of Blood
  8688 | D:6      | Found a shadowy altar of Dithmenos.
  8933 | D:6      | Found a glowing drain.
  8944 | Sewer    | Entered a sewer
  9022 | Sewer    | Reached skill level 1 in Fighting
  9605 | Sewer    | Reached ** piety under Kikubaaqudgha
  9654 | Sewer    | Reached skill level 6 in Earth Magic
  9844 | D:6      | Gained mutation: You are mostly covered in sharp spines.
                  | [demonic ancestry]
  9844 | D:6      | Reached XP level 9. HP: 53/62 MP: 16/16
  9847 | D:6      | Reached skill level 5 in Spellcasting
 10191 | D:6      | Learned a level 5 spell: Lee's Rapid Deconstruction
 11187 | D:7      | Found a radiant altar of Vehumet.
 11515 | D:7      | Reached skill level 7 in Earth Magic
 11621 | D:7      | Found a hide-covered altar of Uskayaw.
 11758 | D:7      | Found a shadowy altar of Dithmenos.
 11762 | D:7      | Found an iron altar of Okawaru.
 11762 | D:7      | Found a white marble altar of Elyvilon.
 11762 | D:7      | Found an opulent altar of Gozag.
 11899 | D:7      | Found a runed translucent door.
 11900 | D:7      | Noticed Crazy Yiuf
 12249 | D:7      | Killed Crazy Yiuf
 12347 | D:8      | Reached *** piety under Kikubaaqudgha
 12347 | D:8      | Identified Kikubaaqudgha's Almanac of Evil Magic
                  | (Kikubaaqudgha gifted it to you on level 8 of the Dungeon)
 12347 | D:8      | Received a gift from Kikubaaqudgha
 12348 | D:8      | Reached skill level 5 in Fighting
 12399 | D:8      | Found a shimmering altar of Xom.
 12876 | D:8      | HP: 1/68 [wyvern (7)]
 12877 | D:8      | Slain by a bullfrog

Illustrated notes

Levels and vault maps discovered:
D:1:      minmay_arrival_plants_in_alcoves, layout_basic
D:2:      layout_basic, fedhas_altar_3
D:3:      layout_basic
D:4:      layout_rooms, minmay_temple_entry_slanted,
          gammafunk_ghost_gnarly_gnolls, uniq_menkaure, uniq_grinder
D:5:      layout_gridville, ebering_ghost_sewer_f, minmay_misc_feat_chi
D:6:      layout_basic, portal_sewer_entry_e, amcnicky_altar_gilded
D:7:      layout_basic, kennysheep_little_box, grunt_temple_overflow_open,
          general_overflow_altar, zaba_anthole, minmay_gold_behind_fungi,
          uniq_crazy_yiuf_cottage
D:8:      layout_cave_pools, lemuel_crystal_altar, david_lair_generic,
          serial_column_ruins, column_ruins_square_medium,
          column_ruins_corridor_straight, column_ruins_open_tiny,
          column_ruins_columns_corner, column_ruins_open_tiny,
          column_ruins_open_small_water
Temple:   oiseaux_autumnal_temple

Skill      XL: |  1  2  3  4  5  6  7  8  9 |
---------------+----------------------------+-----
Transmutations | 1 2 3 4 |  4.0
Dodging        | 2 3 |  3.0
Earth Magic    | 3 4 5 6 7 |  7.3
Conjurations   | 1 2 4 |  4.0
Spellcasting   | 3 4 5 |  5.2
Short Blades   | 1 3 |  3.9
Necromancy     | 1 3 4 |  4.5
Fighting       | 2 5 |  5.0
Maces & Flails | |  0.5
Stealth        | |  1.7

Action                   |  1- 3 |  4- 6 |  7- 9 || total
-------------------------+-------+-------+-------++-------
Melee: Unarmed           |    26 |    13 |       ||    39
       Kick              |     1 |    12 |    69 ||    82
       Dagger            |       |    56 |   330 ||   386
       Whip              |       |     6 |       ||     6
 Cast: Sandblast         |    56 |    26 |     5 ||    87
       Passwall          |     2 |       |     2 ||     4
       Stone Arrow       |       |    34 |    65 ||    99
       Lee's Rapid Decon |       |       |    12 ||    12
       Petrify           |       |       |     4 ||     4
       Sublimation of Bl |       |       |     2 ||     2
  Use: Scroll            |       |       |    22 ||    22
       Potion            |       |       |     1 ||     1
 Stab: Sleeping          |     1 |       |       ||     1
Armor: Robe              |    14 |    22 |    78 ||   114
Dodge: Dodged            |    43 |    53 |   191 ||   287
